 Seeded DCSS version 0.25-a0-166-g16436c4 (webtiles) character file.

Game seed: 3225276222679755512, levelgen mode: deterministic

123729 BrocoLee the Severer (level 17, -2/126 HPs)
             Began as a Human Berserker on Nov 23, 2019.
             Was the Champion of Trog.
             Slain by a spriggan rider
             ... wielding a +0 spear
              (10 damage)
             ... on level 2 of the Swamp on Nov 25, 2019.
             The game lasted 01:20:31 (22816 turns).

BrocoLee the Severer (Human Berserker)             Turns: 22816, Time: 01:20:31

Health: -2/126     AC: 22    Str: 25    XL:     17   Next: 46%
Magic:  23/23      EV: 19    Int:  8    God:    Trog [******]
Gold:   2045       SH:  0    Dex: 16    Spells: 16/16 levels left

rFire    . . .     SeeInvis +   N - +6 executioner's axe (vamp) {!w}
rCold    + . .     Gourm    .   (shield currently unavailable)
rNeg     + . .     Faith    .   w - +2 chain mail "Dilerrin" {-Tele Str+4 Slay+5}
rPois    +         Spirit   .   r - +2 helmet
rElec    +         Reflect  .   O - scarf {repulsion}
rCorr    .         Harm     .   g - +1 pair of gloves
MR       +....     NoTele   +   f - +0 pair of boots
Stlth    +.........             h - amulet "Aleutuebb" {rC+ Regen+}
HPRegen  1.11/turn              I - ring "Zig Lenk" {rElec rN+ SInv Stlth+}
MPRegen  0.18/turn              M - ring of poison resistance {rPois, !d}

@: starving, studying Dodging, repel missiles
A: regeneration 1, sturdy frame 1
a: Berserk, Trog's Hand, Brothers in Arms, Renounce Religion


You were on level 2 of the Swamp.
You worshipped Trog.
Trog was exalted by your worship.
You were starving.

You visited 4 branches of the dungeon, and saw 25 of its levels.
You also visited: Bailey.

You collected 4333 gold pieces.
You spent 2288 gold pieces at shops.

Inventory:

Hand Weapons
 a - a +1 broad axe of electrocution
   (You found it on level 3 of the Dungeon)
 t - a +1 battleaxe of flaming
   (You took it off an orc warlord on level 1 of the Orcish Mines)
 N - a +6 vampiric executioner's axe (weapon) {!w}
   (Trog gifted it to you on level 1 of the Swamp)
 P - a +5 vampiric broad axe {!w}
   (Trog gifted it to you on level 11 of the Dungeon)
 V - a +1 antimagic broad axe
   (Trog gifted it to you on level 4 of the Lair of Beasts)
Missiles
 k - 57 poisoned darts
 n - 5 datura-tipped darts
 B - 9 curare-tipped darts (quivered)
 S - 23 javelins
 Z - a throwing net {=f, !d}
Armour
 f - a +0 pair of boots (worn)
   (You found it on level 2 of the Dungeon)
 g - a +1 pair of gloves (worn)
   (You found it on level 3 of the Dungeon)
 r - a +2 helmet (worn)
   (You took it off Robin on level 2 of the Dungeon)
 w - the +2 chain mail "Dilerrin" (worn) {-Tele Str+4 Slay+5}
   (You found it on level 14 of the Dungeon)

   It affects your strength (+4).
   It affects your accuracy and damage with ranged weapons and melee attacks
   (+5).
   It prevents most forms of teleportation.
 O - a scarf of repulsion (worn)
   (You found it on level 10 of the Dungeon)
 R - a +0 buckler of protection
   (You acquired it in a bailey)
Jewellery
 h - the amulet "Aleutuebb" (around neck) {rC+ Regen+}
   (You bought it in a shop on level 2 of the Orcish Mines)

   [amulet of regeneration]

   It protects you from cold.
   It increases your rate of regeneration.
 v - an uncursed ring of fire {rF+, rC-}
   (You found it on level 15 of the Dungeon)
 G - an uncursed ring of protection from cold {rC+, !d}
   (You found it on level 1 of the Lair of Beasts)
 I - the ring "Zig Lenk" (left hand) {rElec rN+ SInv Stlth+}
   (You found it on level 5 of the Dungeon)

   [ring of see invisible]

   It insulates you from electricity.
   It protects you from negative energy.
   It lets you see invisible.
   It makes you more stealthy.
 L - a +4 ring of protection
   (You found it on level 10 of the Dungeon)
 M - a ring of poison resistance (right hand) {rPois, !d}
   (You found it on level 13 of the Dungeon)
 Y - an uncursed ring of magical power {unknown}
   (You found it on level 14 of the Dungeon)
Wands
 b - a wand of polymorph (20)
   (You took it off a kobold on level 3 of the Dungeon)
 z - a wand of digging (9)
   (You found it on level 4 of the Dungeon)
 C - a wand of acid (6)
   (You found it on level 13 of the Dungeon)
 E - a wand of enslavement (8)
   (You found it on level 1 of the Lair of Beasts)
 U - a wand of disintegration (18)
   (You found it on level 4 of the Lair of Beasts)
Scrolls
 d - 4 scrolls of teleportation
 e - 14 scrolls of remove curse
 D - 17 scrolls of identify
 F - 2 scrolls of immolation {!r}
 H - 2 scrolls of fog
 J - a scroll of fear
 K - 2 scrolls of magic mapping {!r}
 T - a scroll of enchant armour
Potions
 i - 2 potions of agility
 j - 7 potions of might
 l - 11 potions of curing
 m - 3 potions of ambrosia
 o - 5 potions of brilliance
 q - 3 potions of flight
 s - 2 potions of resistance
 u - 2 potions of lignification {!q}
 x - 2 potions of haste
 A - a potion of invisibility
 W - 4 potions of heal wounds
Books
 y - a manual of Dodging {!d}
   (You bought it in a shop on level 2 of the Orcish Mines)
Miscellaneous
 p - a phantom mirror
 Q - a phial of floods
   (You found it on level 11 of the Dungeon)
 X - a sack of spiders
Comestibles
 c - 44 rations


   Skills:
 + Level 9.3 Fighting
 * Level 17.9 Axes
 + Level 5.9 Throwing
 + Level 13.2 Armour
 + Level 14.0 Dodging
 - Level 3.0 Stealth
 - Level 5.0 Shields
 - Level 8.0 Evocations


You had 16 spell levels left.
You didn't know any spells.
Your spell library contained the following spells:

 Spells                   Type           Power        Failure   Level  Hunger
 Animate Skeleton         Necr           N/A          78%         1    ##.....
 Beastly Appendage        Tmut           #.....       78%         1    ##.....
 Confusing Touch          Hex            #.....       78%         1    ##.....
 Magic Dart               Conj           #...         78%         1    ##.....
 Pain                     Necr           #...         78%         1    ##.....
 Sandblast                Erth           #.....       78%         1    ##.....
 Passwall                 Tmut/Erth      #.......     89%         2    ###....
 Poisonous Vapours        Pois/Air       #.....       89%         2    ###....
 Searing Ray              Conj           #.....       89%         2    ###....
 Sticks to Snakes         Tmut           #.......     89%         2    ###....
 Confuse                  Hex            #.......     98%         3    ####...
 Conjure Flame            Conj/Fire      #.......     98%         3    ####...
 Dazzling Spray           Conj/Hex       #.....       98%         3    ####...
 Gell's Gravitas          Tloc           #.........   98%         3    ####...
 Mephitic Cloud           Conj/Pois/Air  #.......     98%         3    ####...
 Regeneration             Chrm/Necr      #.........   98%         3    ####...
 Spider Form              Tmut/Pois      #.........   98%         3    ####...
 Stone Arrow              Conj/Erth      #.....       98%         3    ####...
 Vampiric Draining        Necr           #.........   98%         3    ####...
 Animate Dead             Necr           N/A          100%        4    #####..
 Force Lance              Conj/Tloc      #.......     100%        4    #####..
 Fulminant Prism          Conj/Hex       #.........   100%        4    #####..
 Ice Form                 Ice/Tmut       #.......     100%        4    #####..
 Iskenderun's Mystic Bla  Conj           #.......     100%        4    #####..
 Leda's Liquefaction      Hex/Erth       #.........   100%        4    #####..
 Petrify                  Tmut/Erth      #.......     100%        4    #####..
 Blade Hands              Tmut           #.........   100%        5    ######.
 Bolt of Magma            Conj/Fire/Erth #.........   100%        5    ######.
 Lee's Rapid Deconstruct  Erth           #.........   100%        5    ######.
 Metabolic Englaciation   Hex/Ice        #.........   100%        5    ######.
 Yara's Violent Unravell  Hex/Tmut       #.........   100%        5    ######.
 Freezing Cloud           Conj/Ice/Air   #.........   100%        6    #######
 Iron Shot                Conj/Erth      #.........   100%        6    #######
 Statue Form              Tmut/Erth      #........    100%        6    #######
 Ring of Flames           Chrm/Fire      #.........   100%        7    #######
 Shatter                  Erth           #.........   100%        9    #######


Dungeon Overview and Level Annotations

Branches:
Dungeon (15/15)            Temple (0/1) D:4            Lair (6/6) D:9
  Swamp (2/4) Lair:3        Snake (0/4) Lair:3        Slime (0/5) Lair:5
    Orc (2/2) D:11            Elf (0/3) Orc:2        Vaults (0/5) D:13
 Depths (0/5) D:15         Bailey (visited)

Altars:
Cheibriados
Fedhas
Kikubaaqudgha
Makhleb
Nemelex Xobeh
Okawaru
Sif Muna
Uskayaw
Beogh
Jiyva

Shops:
D:9 !   D:11 :   Orc:2 :(==

Annotations:
D:2 1 runed translucent door, Crazy Yiuf, Natasha
D:9 3 runed translucent doors, exclusion: orange crystal statue
Lair:3 1 runed translucent door, Pooter's ghost, journeyman TrMo


Innate Abilities, Weirdness & Mutations

Your natural rate of healing is unusually fast.
Your movements are slightly less encumbered by armour. (ER -2)


Message History

The alligator bites you! The alligator misses you.
The seven-headed hydra misses you.
The seven-headed hydra completely misses you. x2
The seven-headed hydra bites you.
The seven-headed hydra bites you but does no damage.
The seven-headed hydra misses you.
The seven-headed hydra bites you but does no damage.
The spriggan rider hits you but does no damage.
You take 17 damage, and have 51/126 hp.
Unknown command.
Really unwield
N - a +6 vampiric executioner's axe {!w}?
Okay, then.
You barely miss the seven-headed hydra. You slice the alligator!!
You kill the alligator!
Trog accepts your kill.
The spriggan rider hits you but does no damage.
The seven-headed hydra bites you but does no damage. x2
The seven-headed hydra barely misses you.
The seven-headed hydra closely misses you.
The seven-headed hydra misses you. The seven-headed hydra bites you.
The seven-headed hydra bites you but does no damage.
The spriggan rider barely misses you.
You take 4 damage, and have 47/126 hp.
You hack one of the seven-headed hydra's heads off!
The six-headed hydra grows two more!
You slice the eight-headed hydra!! You slash the swamp worm!
You feel better.
The spriggan rider completely misses you.
The eight-headed hydra bites you but does no damage.
The eight-headed hydra barely misses you.
The eight-headed hydra closely misses you.
The eight-headed hydra barely misses you.
The eight-headed hydra bites you.
The eight-headed hydra bites you but does no damage.
The eight-headed hydra bites you!
The eight-headed hydra barely misses you.
The spriggan rider hits you from afar with a +0 spear.
* * * LOW HITPOINT WARNING * * *
The swamp worm misses you.
You take 12 damage, and have 35/126 hp.
You slice one of the eight-headed hydra's heads off!
The seven-headed hydra grows two more!
You slice the nine-headed hydra!! You barely miss the swamp worm.
The spriggan rider hits you from afar with a +0 spear.
* * * LOW HITPOINT WARNING * * *
The nine-headed hydra bites you but does no damage.
The nine-headed hydra bites you.
* * * LOW HITPOINT WARNING * * *
The nine-headed hydra bites you but does no damage.
The nine-headed hydra closely misses you.
The nine-headed hydra misses you. x2; The nine-headed hydra bites you.
* * * LOW HITPOINT WARNING * * *
The nine-headed hydra bites you but does no damage.
The nine-headed hydra barely misses you.
The spriggan rider completely misses you.
The swamp worm bites you.
* * * LOW HITPOINT WARNING * * *
You take 7 damage, and have 28/126 hp.
Unknown command.
You slice one of the nine-headed hydra's heads off!
The eight-headed hydra grows two more!
You slice the ten-headed hydra!!
You feel better.
You barely miss the swamp worm.
The spriggan rider completely misses you.
The swamp worm misses you. The ten-headed hydra misses you.
The ten-headed hydra bites you!
* * * LOW HITPOINT WARNING * * *
The ten-headed hydra bites you but does no damage.
The ten-headed hydra bites you.
* * * LOW HITPOINT WARNING * * *
The ten-headed hydra bites you!
* * * LOW HITPOINT WARNING * * *
The ten-headed hydra bites you but does no damage. x2
The ten-headed hydra bites you.
* * * LOW HITPOINT WARNING * * *
The ten-headed hydra bites you!
* * * LOW HITPOINT WARNING * * *
The ten-headed hydra bites you but does no damage.
The spriggan rider completely misses you.
Unknown command.
You take 27 damage, and have 1/126 hp.
MASSIVE DAMAGE!!
You feel much better. The swamp worm closely misses you.
The spriggan rider closely misses you. The ten-headed hydra barely misses you.
The ten-headed hydra closely misses you.
The ten-headed hydra bites you.
* * * LOW HITPOINT WARNING * * *
The ten-headed hydra barely misses you.
The ten-headed hydra bites you but does no damage.
The ten-headed hydra barely misses you. x3; The ten-headed hydra misses you.
The ten-headed hydra completely misses you.
The spriggan rider misses you. The bog body hits you!
* * * LOW HITPOINT WARNING * * *
The bog body touches you but does no damage.
The swamp worm bites you!
* * * LOW HITPOINT WARNING * * *
You regained 6 hp, and now have 7/126 hp.
Unknown command.
Your troll goes berserk!
You are starving!
The spriggan rider hits you from afar with a +0 spear!
You die...

≈..... ..≈♣
♣.≈≈≈≈♣ .!>.
≈.≈.$≈. ♣...♣
.≈≈.≈≈.♣ ♣..♣.♣
≈≈≈≈≈≈≈≈♣♣.≈≈≈.♣
≈ ≈≈≈≈.§...♣...♣
≈≈≈≈♣≈≈♣n..^.≈.♣
♣≈≈≈.wi.@≈.≈≈.♣
≈≈...≈ii≈DwT≈≈.♣
≈≈≈≈§≈.♣≈.<≈≈≈≈♣
≈≈≈.....≈..§≈≈.♣
♣...≈≈≈≈≈....§≈..
♣...≈.≈..≈≈≈≈≈.♣♣
♣♣≈≈≈≈≈.≈≈≈≈≈.≈≈≈
♣.≈≈...≈≈≈≈≈≈≈≈.


You could see a ten-headed hydra, 3 spriggan riders, a bog body, 2 swamp worms
and a friendly troll (berserk).

Vanquished Creatures
  Rupert (Lair:3)
  Frances (D:14)
  2 orc warlords
  A dire elephant (D:15)
  A fire dragon (Lair:5)
  A great orb of eyes (D:15)
  8 vault guards (D:13)
  A shambling mangrove (Swamp:1)
  A catoblepas (Lair:6)
  10 hydras
  A centaur warrior (D:15)
  4 alligators (Swamp:2)
  4 two-headed ogres
  3 tengu warriors
  5 orc high priests
  Nergalle (D:10)
  2 wizards (D:14)
  2 deep elf magi
  9 ugly things
  3 orc knights (Orc:2)
  2 wolf spiders (D:15)
  A cyclops (Orc:1)
  6 orc sorcerers
  4 manticores
  2 black mambas
  8 rime drakes
  2 gargoyles
  22 spiny frogs
  A kobold demonologist (D:12)
  6 komodo dragons
  2 efreet
  3 meliai (Lair:4)
  2 tengu conjurers
  4 trolls
  3 hornets (Swamp:1)
  A meliai zombie (D:13)
  33 blink frogs
  5 tyrant leeches
  10 hippogriffs
  7 slime creatures
  10 spriggans
  A shadow (Swamp:1)
  2 wyverns
  4 wraiths
  76 yaks
  A vampire (D:11)
  4 basilisks
  17 vampire mosquitoes
  8 steam dragons (Lair:5)
  3 hungry ghosts
  3 hogs (D:7)
  A human (D:7)
  2 nagas (Lair:3)
  2 acid dragons
  5 wargs (Orc:2)
  12 water moccasins
  68 orc warriors
  14 porcupines
  A swamp drake (Swamp:1)
  3 ice beasts
  3 sky beasts
  A black bear (shapeshifter) (D:13)
  12 wolves
  3 phantoms
  15 ogres
  20 centaurs
  14 crocodiles
  3 big kobolds
  Blork the orc (D:6)
  32 bullfrogs
  A wyvern zombie (D:8)
  3 wyvern skeletons (D:15)
  5 scorpions
  48 killer bees (Lair:4)
  12 wights
  An electric eel (Lair:6)
  6 howler monkeys
  5 centaur zombies
  9 crimson imps
  A quasit (D:9)
  9 hounds
  A gnoll shaman (D:5)
  38 orc priests
  5 centaur skeletons
  6 jellies
  30 orc wizards
  2 bullfrog skeletons (D:5)
  2 iguanas (D:9)
  5 worker ants
  2 hound zombies
  A worker ant zombie (D:6)
  Robin (D:2)
  16 adders
  9 gnolls (D:5)
  A howler monkey skeleton (D:11)
  3 shadow imps
  2 oozes
  A worm (D:4)
  9 leopard geckos
  172 orcs
  2 ball pythons (D:3)
  8 giant cockroaches
  11 goblins
  13 hobgoblins
  8 jackals
  3 quokkas
  6 bats
  2 frilled lizards
  13 kobolds
  A quokka zombie (D:9)
  4 rats
  3 fungi
  5 plants (Lair:6)
1011 creatures vanquished.

Vanquished Creatures (collateral kills)
  Gastronok (D:8)
  Agnes (D:14)
  Roxanne (D:14)
  An orc warlord (Orc:1)
  An ettin (Orc:1)
  Josephine (D:14)
  A death yak (Lair:6)
  2 orc knights (Orc:1)
  Pikel (D:8)
  4 ugly things (D:14)
  An orc sorcerer (Orc:1)
  A manticore (D:14)
  A molten gargoyle (D:14)
  A black mamba (Lair:6)
  A centaur skeleton (D:14)
  A spiny frog (Lair:6)
  2 blink frogs (Lair:6)
  4 yaks
  2 wraiths (D:14)
  A warg (Orc:1)
  5 orc warriors
  4 slaves (D:8)
  A wyvern skeleton (D:8)
  A jelly (D:8)
  2 orc wizards (Orc:1)
  A worker ant zombie (D:8)
  An adder (D:8)
  2 orcs (D:11)
46 creatures vanquished.

Vanquished Creatures (others)
  A bullfrog (D:14)
  An orc wizard (Orc:1)
  A bush (D:15)
  23 fungi
  71 plants
97 creatures vanquished.

Grand Total: 1154 creatures vanquished

Notes
Turn   | Place    | Note
-------+----------+-------------------------------------------
     0 | D:1      | BrocoLee the Human Berserker began the quest for the Orb.
     0 | D:1      | Reached XP level 1. HP: 18/18 MP: 1/1
    78 | D:1      | Reached XP level 2. HP: 10/24 MP: 2/2
   161 | D:1      | HP: 6/24 [leopard gecko (4)]
   456 | D:1      | You fall into a shaft and drop 1 floor!
   536 | D:2      | Reached XP level 3. HP: 29/29 MP: 3/3
   954 | D:2      | Found a runed translucent door.
   955 | D:2      | Noticed Crazy Yiuf
   986 | D:2      | Noticed Robin
   989 | D:2      | Noticed Natasha
  1022 | D:2      | Reached ** piety under Trog
  1332 | D:1      | Reached XP level 4. HP: 35/35 MP: 4/4
  1662 | D:2      | Killed Robin
  1784 | D:3      | Found a shimmering blue altar of Sif Muna.
  1800 | D:3      | Reached skill level 4 in Axes
  1877 | D:3      | Reached XP level 5. HP: 39/41 MP: 5/5
  2067 | D:3      | Reached *** piety under Trog
  2426 | D:4      | Reached skill level 3 in Armour
  2426 | D:4      | Reached skill level 3 in Dodging
  2426 | D:4      | Reached XP level 6. HP: 30/48 MP: 6/6
  2677 | D:4      | Reached skill level 4 in Fighting
  2893 | D:4      | Reached skill level 5 in Axes
  3040 | D:4      | Reached XP level 7. HP: 37/54 MP: 7/7
  3084 | D:4      | Found a staircase to the Ecumenical Temple.
  3195 | D:5      | Entered Level 5 of the Dungeon
  3389 | D:5      | Reached **** piety under Trog
  3432 | D:5      | Found a burning altar of Makhleb.
  3493 | D:5      | Reached skill level 4 in Armour
  3541 | D:5      | Reached skill level 4 in Dodging
  3558 | D:5      | Reached skill level 6 in Axes
  3586 | D:5      | Reached XP level 8. HP: 50/61 MP: 8/8
  3749 | D:5      | Reached skill level 5 in Fighting
  3868 | D:5      | Got a fine brass ring
  3871 | D:5      | Identified the ring "Zig Lenk" {rElec rN+ SInv Stlth+} (You
                  | found it on level 5 of the Dungeon)
  4335 | D:6      | Found a hide-covered altar of Uskayaw.
  4348 | D:6      | Reached skill level 7 in Axes
  4380 | D:6      | Noticed Sigmund
  4386 | D:6      | Noticed Sigmund
  4386 | D:6      | Sigmund changed into Sigmund the ooze
  4389 | D:6      | Killed Sigmund the ooze
  4389 | D:6      | Reached ***** piety under Trog
  4588 | D:6      | Noticed Blork the orc
  4594 | D:6      | Reached skill level 5 in Armour
  4594 | D:6      | Reached skill level 5 in Dodging
  4594 | D:6      | Reached XP level 9. HP: 66/68 MP: 9/9
  4600 | D:6      | Killed Blork the orc
  4994 | D:7      | Reached skill level 8 in Axes
  5007 | D:7      | Reached skill level 6 in Armour
  5007 | D:7      | Reached skill level 6 in Dodging
  5041 | D:7      | Upgraded the game from 0.25-a0-164-gb55e97d to
                  | 0.25-a0-166-g16436c4
  5119 | D:7      | Found a sparkling altar of Nemelex Xobeh.
  5135 | D:7      | Found an iron altar of Okawaru.
  5199 | D:7      | Found a snail-covered altar of Cheibriados.
  5199 | D:7      | Found a blossoming altar of Fedhas.
  5325 | D:7      | Reached skill level 9 in Axes
  5382 | D:7      | Reached XP level 10. HP: 76/76 MP: 10/10
  5403 | D:7      | Received a gift from Trog
  5590 | D:8      | Reached skill level 6 in Fighting
  5595 | D:8      | Noticed Gastronok
  5600 | D:8      | Killed Gastronok
  5600 | D:8      | Reached skill level 10 in Axes
  5600 | D:8      | Reached skill level 7 in Armour
  5607 | D:8      | Noticed Pikel
  5614 | D:8      | Killed Pikel
  5614 | D:8      | Reached skill level 7 in Dodging
  5635 | D:8      | Found a flagged portal.
  5667 | Bailey   | Entered a bailey
  6100 | Bailey   | Reached skill level 1 in Evocations
  6381 | Bailey   | Reached XP level 11. HP: 52/83 MP: 12/12
  6899 | Bailey   | Reached skill level 2 in Evocations
  7161 | Bailey   | Identified a scroll of acquirement
  7285 | Bailey   | Gained mutation: Your movements are slightly less
                  | encumbered by armour. (ER -2) [potion of mutation]
  7285 | Bailey   | Gained mutation: Your natural rate of healing is unusually
                  | fast. [potion of mutation]
  7414 | D:8      | Received a gift from Trog
  7423 | D:8      | Reached skill level 11 in Axes
  7430 | D:8      | Got a crystal longbow {god gift}
  7490 | D:8      | Identified the +4 longbow "Nibidu" {venom, *Drain rElec
                  | rPois Dex+4} (Trog gifted it to you on level 8 of the
                  | Dungeon)
  7545 | D:8      | Reached skill level 1 in Shields
  7983 | D:9      | Noticed a two-headed ogre
  7988 | D:9      | Killed a two-headed ogre
  7988 | D:9      | Reached skill level 8 in Armour
  7988 | D:9      | Reached skill level 8 in Dodging
  7988 | D:9      | Reached skill level 2 in Shields
  7998 | D:9      | Found an ancient bone altar of Kikubaaqudgha.
  8174 | D:9      | Found a runed translucent door.
  8178 | D:9      | Found a runed translucent door.
  8200 | D:9      | Found a runed translucent door.
  8244 | D:9      | Found a runed translucent door.
  8258 | D:9      | Noticed an orange crystal statue
  8339 | D:9      | Found a staircase to the Lair.
  8634 | D:9      | Found Potampi's Distillery.
  8642 | D:9      | Bought a potion of might for 48 gold pieces
  8642 | D:9      | Bought 2 potions of curing for 72 gold pieces
  8642 | D:9      | Bought a potion of might for 48 gold pieces
  8642 | D:9      | Bought a potion of might for 48 gold pieces
  8660 | D:10     | Entered Level 10 of the Dungeon
  8700 | D:10     | Noticed a two-headed ogre
  8707 | D:10     | Killed a two-headed ogre
  8778 | D:10     | Noticed Nergalle
  8785 | D:10     | Killed Nergalle
  8785 | D:10     | Reached skill level 3 in Shields
  9151 | D:10     | Reached XP level 12. HP: 86/89 MP: 13/13
  9152 | D:10     | Reached skill level 1 in Throwing
  9423 | D:11     | Reached skill level 12 in Axes
  9553 | D:11     | Found Uddyxt's Book Emporium.
  9764 | D:11     | Reached ****** piety under Trog
  9764 | D:11     | Reached skill level 2 in Throwing
  9871 | D:11     | Found a staircase to the Orcish Mines.
  9874 | D:11     | Received a gift from Trog
  9874 | D:11     | Reached skill level 4 in Shields
  9875 | D:11     | Found a roughly hewn altar of Beogh.
 10157 | Orc:1    | Entered Level 1 of the Orcish Mines
 10169 | Orc:1    | Noticed an orc warlord
 10179 | Orc:1    | Killed an orc warlord
 10179 | Orc:1    | Reached skill level 9 in Armour
 10179 | Orc:1    | Reached skill level 9 in Dodging
 10182 | Orc:1    | Noticed an orc warlord
 10552 | Orc:1    | Killed an orc warlord
 10623 | D:11     | Reached skill level 5 in Shields
 10736 | Orc:1    | Paralysed by an orc sorcerer for 2 turns
 10748 | Orc:1    | Reached skill level 13 in Axes
 10832 | Orc:1    | Found a roughly hewn altar of Beogh.
 10846 | Orc:1    | Noticed an orc high priest
 10856 | Orc:1    | HP: 20/89 [orc high priest/divine providence (9)]
 10973 | Orc:1    | Killed an orc high priest
 10973 | Orc:1    | Reached XP level 13. HP: 95/95 MP: 14/14
 11193 | Orc:1    | Received a gift from Trog
 11357 | Orc:1    | Noticed an ettin
 11506 | Orc:2    | Entered Level 2 of the Orcish Mines
 11677 | Orc:2    | Reached skill level 7 in Fighting
 11812 | Orc:2    | Found a roughly hewn altar of Beogh.
 11815 | Orc:2    | Received a gift from Trog
 11844 | Orc:2    | Found Sid Izxa's Weapon Emporium.
 11866 | Orc:2    | Found Ywkegim's Book Shoppe.
 11876 | Orc:2    | Reached skill level 10 in Armour
 11894 | Orc:2    | Reached skill level 10 in Dodging
 12285 | Orc:2    | Received a gift from Trog
 12299 | Orc:2    | Reached skill level 14 in Axes
 12313 | Orc:2    | Got a smoking longbow
 12550 | Orc:2    | Found a staircase to the Elven Halls.
 12612 | Orc:2    | Reached skill level 1 in Stealth
 12752 | Orc:2    | Noticed an orc warlord
 12855 | Orc:2    | Killed an orc warlord
 12950 | Orc:2    | HP: 24/98 [soul eater[an orc high priest] (1)]
 12955 | Orc:2    | Reached skill level 2 in Stealth
 13108 | Orc:2    | Reached skill level 8 in Fighting
 13175 | Orc:2    | Found Yniv's Jewellery Boutique.
 13297 | Orc:2    | Found a roughly hewn altar of Beogh.
 13400 | Orc:2    | Reached XP level 14. HP: 99/105 MP: 15/15
 13415 | Orc:2    | Found Ycourphe's Jewellery Emporium.
 13424 | Orc:2    | Bought the amulet "Aleutuebb" {rC+ Regen+} for 748 gold
                  | pieces
 13796 | Lair:1   | Entered Level 1 of the Lair of Beasts
 13812 | Lair:1   | Reached skill level 3 in Stealth
 13817 | Lair:1   | Reached skill level 3 in Evocations
 14733 | Lair:2   | Reached skill level 11 in Armour
 14789 | Lair:2   | Reached skill level 11 in Dodging
 14795 | Lair:2   | Reached skill level 4 in Evocations
 15276 | Lair:3   | Reached skill level 15 in Axes
 15382 | Lair:3   | Noticed Rupert
 15414 | Lair:3   | Killed Rupert
 15485 | Lair:3   | Reached skill level 5 in Evocations
 15532 | Lair:3   | Found a staircase to the Snake Pit.
 15611 | Lair:3   | Found a staircase to the Swamp.
 15766 | Lair:3   | Found a runed translucent door.
 15766 | Lair:3   | Noticed Pooter's ghost (journeyman TrMo)
 16118 | Lair:4   | Received a gift from Trog
 16214 | Lair:4   | Reached XP level 15. HP: 85/110 MP: 19/19
 16524 | Lair:4   | Received a gift from Trog
 16532 | Lair:4   | Identified the +5 longbow of the Puffin {flame, rC+} (You
                  | found it on level 2 of the Orcish Mines)
 16998 | Lair:5   | Reached skill level 6 in Evocations
 17107 | Lair:5   | Reached skill level 16 in Axes
 17269 | Lair:5   | Received a gift from Trog
 17289 | Lair:5   | Reached skill level 12 in Armour
 17325 | Lair:5   | Reached skill level 12 in Dodging
 17723 | Lair:5   | Found a viscous altar of Jiyva.
 17723 | Lair:5   | Found a staircase to the Slime Pits.
 17984 | Lair:6   | Entered Level 6 of the Lair of Beasts
 18138 | Lair:6   | Received a gift from Trog
 18158 | Lair:6   | Reached skill level 7 in Evocations
 18460 | Lair:6   | Reached skill level 3 in Throwing
 18474 | Lair:6   | Reached XP level 16. HP: 117/117 MP: 21/21
 18559 | Lair:6   | Got an ivory mace
 18566 | Lair:6   | Identified the +11 mace "Poma" {drain, rN++ Dex-3 SInv}
                  | (You found it on level 6 of the Lair of Beasts)
 18631 | Lair:6   | Received a gift from Trog
 19582 | Orc:2    | Bought a manual of Dodging for 1324 gold pieces
 19811 | D:12     | Reached skill level 4 in Throwing
 20018 | D:12     | Reached skill level 17 in Axes
 20289 | D:12     | Got a blackened dagger
 20465 | D:12     | Reached skill level 8 in Evocations
 20476 | D:13     | Received a gift from Trog
 20667 | D:13     | Reached skill level 13 in Dodging
 20727 | D:13     | Found a gate to the Vaults.
 21060 | D:14     | Noticed Agnes
 21077 | D:14     | Killed Agnes
 21082 | D:14     | Received a gift from Trog
 21273 | D:14     | Noticed Frances
 21285 | D:14     | Killed Frances
 21285 | D:14     | Received a gift from Trog
 21300 | D:14     | Noticed Josephine
 21313 | D:14     | Killed Josephine
 21317 | D:14     | Found the +2 cloak of the Thief {+Fog Slay-2 SInv Stlth+}
 21468 | D:14     | Got a translucent chain mail
 21479 | D:14     | Identified the +2 chain mail "Dilerrin" {-Tele Str+4
                  | Slay+5} (You found it on level 14 of the Dungeon)
 21570 | D:14     | Noticed Roxanne
 21598 | D:14     | Killed Roxanne
 21598 | D:14     | Reached skill level 5 in Throwing
 21603 | D:14     | Reached XP level 17. HP: 116/124 MP: 7/23
 21816 | D:15     | Entered Level 15 of the Dungeon
 21828 | D:15     | Reached skill level 13 in Armour
 21904 | D:15     | Reached skill level 9 in Fighting
 22033 | D:15     | Found a staircase to the Depths.
 22529 | Swamp:1  | Entered Level 1 of the Swamp
 22561 | Swamp:1  | Received a gift from Trog
 22809 | Swamp:2  | Reached skill level 14 in Dodging
 22813 | Swamp:2  | HP: 30/126 [nine-headed hydra (3)]
 22814 | Swamp:2  | HP: 10/126 [ten-headed hydra (6)]
 22814 | Swamp:2  | HP: 1/126 [ten-headed hydra (9)]
 22816 | Swamp:2  | Slain by a spriggan rider

Levels and vault maps discovered:
D:1:      tarquinn_simple_flora_water_e, layout_loops_cross
D:2:      layout_rooms, first_ration, minmay_statues_item, uniq_natasha,
          uniq_crazy_yiuf_cottage, uniq_robin
D:3:      layout_loops_ring, lemuel_crystal_altar
D:4:      layout_basic, minmay_temple_entry_butterflies
D:5:      layout_layer_cave, kennysheep_mini_moat
D:6:      layout_gridville, kennysheep_little_box, st_stairs_7, uniq_menkaure,
          uniq_blork_the_orc, uniq_sigmund
D:7:      layout_basic, okawaru_gym_becter, gammafunk_temple_overflow_elements,
          nemelex_xobeh_ov_fountains_minmay, grunt_livestock
D:8:      layout_basic, enter_bailey_2, uniq_gastronok, uniq_pikel
D:9:      layout_irregular_city, kiku_gazebo_garden_becter, lair_entry_dummy,
          serial_shops, shop_fountains, kennysheep_crisscross,
          minmay_statue_crystal_thing
D:10:     layout_layer_cave, small_statue_alley_a, uniq_nergalle
D:11:     layout_loops_ring, david_orc_5, serial_shops, shop_coins
D:12:     layout_loops_cross
D:13:     layout_cave_pools, erik_vaults_2
D:14:     layout_irregular_city, minivault_23, nicolae_lava_and_water,
          uniq_agnes, uniq_josephine, uniq_roxanne, uniq_frances
D:15:     hangedman_depths_entry_try_elsewhere_first, layout_rooms,
          serial_park_paths [serial_park_minivault_5x5_4]
Lair:1:   layout_chaotic_city, guppyfry_lair_drakes, grunt_megastairs_4
Lair:2:   layout_regular_city, grunt_megastairs_2, lemuel_fruit_tree,
          lemuel_fruit_fields
Lair:3:   layout_misc_corridors, minmay_swamp_entry_swarm,
          guppyfry_snake_entry_island, ebering_ghost_reflecting_pool,
          uniq_rupert
Lair:4:   wad_woods_minihive, layout_misc_corridors
Lair:5:   layout_small_grid, dpeg_slime_entry_enclosed_altar,
          bobbens_dragon_lair_wall, infiniplex_staircase_pool_2,
          serial_bayou_shore_b, grunt_megastairs_5, lemuel_fruit_fields
Lair:6:   minmay_lair_end_frog_pond, layout_loops_ring, nicolae_lair_yak_garden
Swamp:1:  cheibrodos_swamp_monstrosity, layout_falls_marsh,
          evilmike_swamp_ruin_house_2, swamp_pool2
Swamp:2:  layout_falls_marsh, evilmike_swamp_ruin_house_3, uniq_jorgrun
Orc:1:    orc_temple, layout_diamond_mine
Orc:2:    pubby_orc_utopia

Skill      XL: |  1  2  3  4  5  6  7  8  9 10 11 12 13 14 15 16 17 |
---------------+----------------------------------------------------+-----
Axes           | 4 5 6 7 9 10 11 13 14 15 16 17 | 17.9
Armour         | 3 4 5 6 7 8 9 10 11 12 13 | 13.2
Dodging        | 3 4 5 6 7 8 9 10 11 12 13 14 | 14.0
Fighting       | 4 5 6 8 9 |  9.3
Evocations     | 1 2 5 7 8 |  8.0
Shields        | 3 5 |  5.0
Throwing       | 2 3 5 |  5.9
Stealth        | 2 3 |  3.0

Action                   |  1- 3 |  4- 6 |  7- 9 | 10-12 | 13-15 | 16-18 || total
-------------------------+-------+-------+-------+-------+-------+-------++-------
Melee: Hand axe          |    49 |       |       |       |       |       ||    49
       War axe           |    41 |    41 |       |       |       |       ||    82
       Unarmed           |     6 |       |     3 |       |       |       ||     9
       Broad axe         |       |   134 |   264 |   604 |  1310 |   773 ||  3085
       Battleaxe         |       |       |       |       |   123 |    38 ||   161
       Executioner's axe |       |       |       |       |       |    39 ||    39
Throw: Dart              |       |     4 |    12 |    47 |     7 |     7 ||    77
       Javelin           |       |       |       |     5 |    12 |    16 ||    33
Invok: Berserk           |     2 |       |     3 |     1 |     4 |       ||    10
       Brothers in Arms  |       |       |       |     4 |     2 |     3 ||     9
       Trog's Hand       |       |       |       |     2 |     2 |       ||     4
 Abil: Evoke Flight      |       |       |       |     5 |       |       ||     5
Evoke: Wand              |       |       |     2 |     3 |     1 |     1 ||     7
       Phial of floods   |       |       |       |     1 |     1 |     1 ||     3
       Sack of spiders   |       |       |       |       |       |     2 ||     2
  Use: Scroll            |     7 |     5 |     2 |    11 |     8 |    10 ||    43
       Potion            |       |       |       |    10 |     2 |     2 ||    14
 Stab: Sleeping          |       |       |     3 |     4 |    18 |     1 ||    26
       Distracted        |       |       |       |     1 |     1 |     3 ||     5
       Confused          |       |       |       |       |       |     1 ||     1
  Eat: Chunk             |     1 |     4 |    11 |    22 |    24 |     9 ||    71
       Ration            |     1 |       |       |     1 |     2 |     2 ||     6
Armor: Animal skin       |    11 |       |       |       |       |       ||    11
       Ring mail         |    23 |    64 |   132 |   265 |   453 |   177 ||  1114
       Skin              |     2 |       |       |       |       |       ||     2
       Troll leather arm |       |    33 |       |       |       |       ||    33
       Chain mail        |       |       |       |       |       |   154 ||   154
Dodge: Dodged            |    69 |   132 |   205 |   511 |  1250 |   738 ||  2905
       Deflected         |       |       |       |       |     8 |    22 ||    30
Block: Buckler           |       |       |       |    91 |    71 |    78 ||   240

Table legend:
 A = Non-vault XP
 B = Vault XP
 C = Vault XP percentage of total XP
 D = Non-vault monster count
 E = Vault monster count
 F = Vault count percentage of total count
                 A         B        C        D         E       F
            +---------+---------+-------+---------+---------+-------
      Total |   94833 |   81923 |  46.3 |     611 |     435 |  41.6
            +---------+---------+-------+---------+---------+-------
        D:1 |      39 |       2 |   4.9 |      23 |       1 |   4.2
        D:2 |      23 |      36 |  61.0 |       7 |      12 |  63.2
        D:3 |      94 |       0 |   0.0 |      30 |       0 |   0.0
        D:4 |     386 |       0 |   0.0 |      24 |       0 |   0.0
        D:5 |     960 |       0 |   0.0 |      37 |       0 |   0.0
        D:6 |     675 |     104 |  13.4 |      17 |       2 |  10.5
        D:7 |     921 |     977 |  51.5 |      25 |       5 |  16.7
        D:8 |    1800 |    1866 |  50.9 |      34 |       2 |   5.6
        D:9 |    1764 |       0 |   0.0 |      19 |       0 |   0.0
       D:10 |    2923 |     792 |  21.3 |      24 |       1 |   4.0
       D:11 |    2226 |     429 |  16.2 |      17 |      24 |  58.5
       D:12 |    9672 |       0 |   0.0 |      54 |       0 |   0.0
       D:13 |    3769 |    8037 |  68.1 |      15 |       8 |  34.8
       D:14 |    5187 |    6176 |  54.4 |      23 |       8 |  25.8
       D:15 |   11963 |    3811 |  24.2 |      37 |       4 |   9.8
     Lair:1 |    4090 |    1898 |  31.7 |      18 |       8 |  30.8
     Lair:2 |    2715 |     772 |  22.1 |      16 |       4 |  20.0
     Lair:3 |    8677 |    4857 |  35.9 |      37 |      12 |  24.5
     Lair:4 |    4830 |    6017 |  55.5 |      24 |      61 |  71.8
     Lair:5 |    8439 |    5616 |  40.0 |      32 |      17 |  34.7
     Lair:6 |   11147 |   14508 |  56.6 |      45 |      56 |  55.4
    Swamp:1 |    4262 |       0 |   0.0 |      14 |       0 |   0.0
    Swamp:2 |    3546 |       0 |   0.0 |       4 |       0 |   0.0
      Orc:1 |    4725 |    5724 |  54.8 |      35 |      27 |  43.5
      Orc:2 |       0 |   18000 | 100.0 |       0 |     144 | 100.0
     Bailey |       0 |    2301 | 100.0 |       0 |      39 | 100.0
            +---------+---------+-------+---------+---------+-------

Levels and vault maps discovered:
D:1:      tarquinn_simple_flora_water_e, layout_loops_cross
D:2:      layout_rooms, first_ration, minmay_statues_item, uniq_natasha,
          uniq_crazy_yiuf_cottage, uniq_robin
D:3:      layout_loops_ring, lemuel_crystal_altar
D:4:      layout_basic, minmay_temple_entry_butterflies
D:5:      layout_layer_cave, kennysheep_mini_moat
D:6:      layout_gridville, kennysheep_little_box, st_stairs_7, uniq_menkaure,
          uniq_blork_the_orc, uniq_sigmund
D:7:      layout_basic, okawaru_gym_becter, gammafunk_temple_overflow_elements,
          nemelex_xobeh_ov_fountains_minmay, grunt_livestock
D:8:      layout_basic, enter_bailey_2, uniq_gastronok, uniq_pikel
D:9:      layout_irregular_city, kiku_gazebo_garden_becter, lair_entry_dummy,
          serial_shops, shop_fountains, kennysheep_crisscross,
          minmay_statue_crystal_thing
D:10:     layout_layer_cave, small_statue_alley_a, uniq_nergalle
D:11:     layout_loops_ring, david_orc_5, serial_shops, shop_coins
D:12:     layout_loops_cross
D:13:     layout_cave_pools, erik_vaults_2
D:14:     layout_irregular_city, minivault_23, nicolae_lava_and_water,
          uniq_agnes, uniq_josephine, uniq_roxanne, uniq_frances
D:15:     hangedman_depths_entry_try_elsewhere_first, layout_rooms,
          serial_park_paths [serial_park_minivault_5x5_4]
Lair:1:   layout_chaotic_city, guppyfry_lair_drakes, grunt_megastairs_4
Lair:2:   layout_regular_city, grunt_megastairs_2, lemuel_fruit_tree,
          lemuel_fruit_fields
Lair:3:   layout_misc_corridors, minmay_swamp_entry_swarm,
          guppyfry_snake_entry_island, ebering_ghost_reflecting_pool,
          uniq_rupert
Lair:4:   wad_woods_minihive, layout_misc_corridors
Lair:5:   layout_small_grid, dpeg_slime_entry_enclosed_altar,
          bobbens_dragon_lair_wall, infiniplex_staircase_pool_2,
          serial_bayou_shore_b, grunt_megastairs_5, lemuel_fruit_fields
Lair:6:   minmay_lair_end_frog_pond, layout_loops_ring, nicolae_lair_yak_garden
Swamp:1:  cheibrodos_swamp_monstrosity, layout_falls_marsh,
          evilmike_swamp_ruin_house_2, swamp_pool2
Swamp:2:  layout_falls_marsh, evilmike_swamp_ruin_house_3, uniq_jorgrun
Orc:1:    orc_temple, layout_diamond_mine
Orc:2:    pubby_orc_utopia

Table legend:
 A = Turns spent in this place as a percentage of turns spent in the entire game.
 B = Non-inter-level travel turns spent in this place as a percentage of non-inter-level travel turns spent in the entire game.
 C = Inter-level travel turns spent in this place as a percentage of turns spent in this place.
 D = Turns resting spent in this place as a percentage of non-inter-level travel turns spent in this place.
 E = Turns spent auto-exploring this place as a percentage of non-inter-level travel turns spent in this place.
 F = Non-inter-level travel turns spent in this place divided by the number of levels of this place that you've seen.
                   A       B       C       D       E      F
               +-------+-------+-------+-------+-------+----------------------
         Total | 100.0 | 100.0 |   6.7 |  12.0 |  53.7 | 818.4
       Dungeon |  51.2 |  50.8 |   7.4 |  10.1 |  60.3 | 720.9
          Lair |  24.9 |  25.3 |   5.4 |   1.3 |  61.3 | 896.0
         Swamp |   1.2 |   1.2 |   5.5 |   0.0 |  52.1 | 128.5
  Orcish Mines |  15.3 |  14.7 |  10.2 |  17.6 |  40.0 | 1569.0
        Bailey |   7.4 |   8.0 |   0.0 |  49.9 |  12.7 | 1693.0
               +-------+-------+-------+-------+-------+----------------------

Table legend:
 A = Kills in this place as a percentage of kills in entire the game.
 B = Kills by you in this place as a percentage of kills by you in the entire game.
 C = Kills by friends in this place as a percentage of kills by friends in the entire game.
 D = Other kills in this place as a percentage of other kills in the entire game.
 E = Experience gained in this place as a percentage of experience gained in the entire game.
 F = Experience gained in this place divided by the number of levels of this place that you have seen.
                   A       B       C       D       E      F
               +-------+-------+-------+-------+-------+----------------------
         Total | 100.0 | 100.0 | 100.0 | 100.0 | 100.0 | 6798.3
       Dungeon |  43.3 |  43.0 |  52.4 |   0.0 |  36.6 | 4308.8
          Lair |  31.5 |  32.1 |  19.0 |   0.0 |  41.6 | 12261.0
         Swamp |   1.7 |   1.8 |   0.0 |   0.0 |   4.4 | 3904.0
  Orcish Mines |  19.7 |  19.2 |  28.6 | 100.0 |  16.1 | 14224.5
        Bailey |   3.7 |   3.9 |   0.0 |   0.0 |   1.3 | 2301.0
               +-------+-------+-------+-------+-------+----------------------
